AoeStats
← AOELG_bravedave92

Arabia

510736840Analyzed
1v1 RM · 1d ago on Oct 2, 2026· 51m 44s· 2 players
Game mode
Random Map
Map size
Tiny (2 player)
Population
200
Speed
Normal
Resources
Standard
Victory
Conquest
Starting age
Dark Age
Ending age
Imperial Age
RankedLock teamsTeams togetherTeam positionsShared explorationLock speedFull tech treeHidden civsTurbo modeCheats
Victory
Defeat
🇩🇪 Varangians · Germany
918
+16
🇩🇪 Persians · Germany
918
-16
AOELG_bravedave92
6:23 Loom
8:47 Feudal Age
14:36 Bloodlines
15:58 Double-Bit Axe
23:39 Castle Age
24:40 Gold Mining
24:44 Fletching
25:05 Forging
25:02 Scale Barding Armor
25:02 Padded Archer Armor
25:14 Forging
25:23 Horse Collar
26:05 Bow Saw
26:21 Scale Barding Armor
26:14 Bodkin Arrow
27:52 Wheelbarrow
27:50 Kamandaran
29:28 Stone Mining
30:25 Leather Archer Armor
30:59 Husbandry
31:20 Crossbowman
34:23 Iron Casting
35:20 Chain Barding Armor
37:19 Wheelbarrow
41:23 Imperial Age
39:59 Ballistics
40:35 Gold Shaft Mining
41:42 Stone Shaft Mining
42:16 Conscription
43:08 Two-Man Saw
42:31 Heavy Plow
43:41 Blast Furnace
43:38 Thumb Ring
45:02 Plate Barding Armor
45:47 Chemistry
45:31 Heavy Camel Rider
46:31 Hand Cart
47:30 Ring Archer Armor
Doomking_leo
7:02 Loom
9:22 Feudal Age
13:08 Wheelbarrow
12:21 Double-Bit Axe
12:54 Bloodlines
18:31 Horse Collar
23:36 Castle Age
22:22 Gold Mining
22:31 Stone Mining
23:35 Scale Barding Armor
23:44 Forging
25:07 Bow Saw
26:00 Heavy Plow
30:11 Hand Cart
30:20 Chain Barding Armor
31:59 Gold Mining
37:27 Imperial Age
35:18 Pikeman
36:00 Squires
35:49 Gambesons
36:35 Husbandry
39:40 Two-Man Saw
39:16 Crop Rotation
40:07 Plate Barding Armor
40:09 Iron Casting
41:13 Halberdier
42:34 Gothikon
45:45 Scale Mail Armor
46:09 Elite Varangian Guard
48:49 Cavalier
49:46 Chain Mail Armor
50:48 Blast Furnace
50:11 Arson
Connection lost

Rejoining the realm…

Still unreachable

The connection could not be restored.

Session expired

The server has moved on; the page needs a fresh start.